 Dungeon Crawl Stone Soup version 0.21-a0-111-g52d2817 (webtiles) character file.

447 sagitran the Skirmisher (level 6, 0/49 HPs)
             Began as a Demonspawn Abyssal Knight on July 11, 2017.
             Was a Believer of Lugonu.
             Slain by Prince Ribbit (5 damage)
             ... on level 5 of the Dungeon.
             The game lasted 00:23:49 (3810 turns).

sagitran the Skirmisher (Demonspawn Abyssal Knight) Turns: 3810, Time: 00:23:50

Health: 0/49       AC: 11    Str: 17    XL:     6   Next: 73%
Magic:  0/8        EV: 12    Int: 13    God:    Lugonu [**....]
Gold:   162        SH:  0    Dex: 12    Spells: 5/5 levels left

rFire    . . .     SeeInvis .   g - +4 quarterstaff (chaos)
rCold    . . .     Gourm    .   (shield currently unavailable)
rNeg     . . .     Faith    .   p - +0 scale mail
rPois    .         Spirit   +   o - +0 helmet
rElec    .         Reflect  .   l - +2 cloak
rCorr    .         Harm     .   (no gloves)
MR       .....                  (no boots)
Stlth    ..........             r - amulet of rage
HPRegen  0.56/turn              q - +1 ring of slaying
MPRegen  0.11/turn              w - +2 ring of evasion

@: no status effects
A: sense surroundings 1, regeneration 1, strong 1, magic shield, rot immunity
a: Depart the Abyss, Bend Space, Renounce Religion, Evoke Berserk Rage


You were on level 5 of the Dungeon.
You worshipped Lugonu.
Lugonu was pleased with you.
You were not hungry.

You visited 1 branch of the dungeon, and saw 7 of its levels.
You visited the Abyss 1 time.

You collected 162 gold pieces.

Inventory:

Hand Weapons
 a - a +1 spear
 g - a +4 quarterstaff of chaos (weapon)
Missiles
 t - 5 tomahawks (quivered)
Armour
 b - a +0 leather armour
 l - a +2 cloak (worn)
 o - a +0 helmet (worn)
 p - a +0 scale mail (worn)
Jewellery
 q - a +1 ring of slaying (left hand)
 r - an amulet of rage (around neck)
 w - a +2 ring of evasion (right hand)
Scrolls
 e - a scroll of teleportation {unknown}
 j - a scroll of recharging {unknown}
 m - 2 scrolls of enchant weapon {unknown}
 x - 2 scrolls of magic mapping {unknown}
 y - a scroll of amnesia {unknown}
Potions
 c - 3 potions of curing
 k - a potion of haste {unknown}
 n - a potion of invisibility {unknown}
 s - 2 potions of cancellation
 u - a potion of lignification {unknown}
Comestibles
 d - a royal jelly
 h - a meat ration


   Skills:
 + Level 4.3 Fighting
 + Level 4.3 Polearms
 + Level 0.1 Throwing
 + Level 2.8 Armour
 + Level 2.8 Dodging
 + Level 1.2 Stealth
 + Level 2.7 Invocations


You had 5 spell levels left.
You didn't know any spells.

Dungeon Overview and Level Annotations

Branches:
Dungeon (7/15)
 Temple: D:4-7

Altars:
Fedhas
Kikubaaqudgha
Nemelex Xobeh
Qazlal
Trog
Vehumet

Annotations:
D:5 Prince Ribbit


Innate Abilities, Weirdness & Mutations

When hurt, damage is shared between your health and your magic reserves.
You are immune to rotting.
You passively map a small area around you.
Your natural rate of healing is unusually fast.
Your muscles are strong. (Str +2)


Message History

You barely miss the iguana. The iguana barely misses you.
You sock the iguana!
You hear strange voices.
The iguana is severely wounded.
Something hits you! The iguana barely misses you.
Something hits you but does no damage.
You miss something.
The iguana bites you but does no damage.
You hit the iguana.
You kill the iguana!
Lugonu accepts your kill. Something hits you!
* * * LOW HITPOINT WARNING * * *
There is an open door here.
You see here a tomahawk.
t - 5 tomahawks (gained 1)
You barely miss something. Something hits you!
* * * LOW HITPOINT WARNING * * *
Something hits you.
You die...

* , * , , ,,
, * * ** **
* ##### * ,*
#)..# , *
#.@.# *## *
#...# .. *
##§## .# , *
♣[♣♣ *.## ,
* ♣♣.♣ ,, .$
, ♣.♣♣ #
.###### ♣♣.♣
####.......
♣♣.♣♣
..F.......?*
♣♣.P.♣


There were no monsters in sight!

Vanquished Creatures
  Blork the orc (D:5)
  2 scorpions
  A crimson imp (D:5)
  A bullfrog zombie (D:5)
  Crazy Yiuf (D:5)
  A jelly (D:5)
  2 iguanas (D:5)
  3 adders
  A shadow imp (D:5)
  An adder skeleton (D:5)
  2 dart slugs (D:1)
  3 leopard geckos (D:1)
  6 orcs
  6 bats
  2 giant cockroaches
  8 goblins
  2 hobgoblins (D:1)
  2 jackals (D:3)
  7 kobolds
  2 quokkas (D:4)
  2 frilled lizards
  A quokka skeleton (D:3)
  4 rats
61 creatures vanquished.

Vanquished Creatures (others)
  2 fungi (D:5)
2 creatures vanquished.

Grand Total: 63 creatures vanquished

Notes
Turn   | Place    | Note
-------+----------+-------------------------------------------
     0 | Abyss:1  | sagitran the Demonspawn Abyssal Knight began the quest for the Orb.
     0 | Abyss:1  | Reached XP level 1. HP: 18/18 MP: 2/2
    66 | Abyss:1  | Noticed a large abomination
    82 | Abyss:1  | Noticed a small abomination
    88 | D:1      | Escaped the Abyss
   236 | D:1      | Gained mutation: When hurt, damage is shared between your health and your magic reserves. [demonic ancestry]
   236 | D:1      | Reached XP level 2. HP: 4/24 MP: 3/3
   464 | D:1      | Reached skill level 1 in Dodging
   805 | D:1      | Reached XP level 3. HP: 28/29 MP: 5/5
  1012 | D:3      | Found an ancient bone altar of Kikubaaqudgha.
  1015 | D:3      | Found a blossoming altar of Fedhas.
  1150 | D:3      | Reached * piety under Lugonu
  1250 | D:3      | Found a bloodstained altar of Trog.
  1481 | D:3      | Found a radiant altar of Vehumet.
  1618 | D:2      | Found a sparkling altar of Nemelex Xobeh.
  1953 | D:2      | Reached XP level 4. HP: 36/36 MP: 6/6
  2431 | D:5      | Entered Level 5 of the Dungeon
  2501 | D:4      | Noticed an ogre
  2787 | D:4      | Noticed a two-headed ogre
  2825 | D:3      | Reached XP level 5. HP: 27/42 MP: 7/7
  3024 | D:3      | You fall through a shaft for 3 floors!
  3039 | D:7      | Noticed an ice beast
  3047 | D:6      | Found a stormy altar of Qazlal.
  3123 | D:5      | Reached skill level 1 in Stealth
  3363 | D:5      | Gained mutation: You are immune to rotting. [demonic ancestry]
  3363 | D:5      | Reached XP level 6. HP: 34/48 MP: 6/8
  3540 | D:5      | Reached ** piety under Lugonu
  3621 | D:5      | Gained mutation: Your mind is acute. (Int +2) [potion of mutation]
  3621 | D:5      | Gained mutation: Your natural rate of healing is unusually fast. [potion of mutation]
  3621 | D:5      | Gained mutation: You possess an exceptional clarity of mind. [potion of mutation]
  3622 | D:5      | Lost mutation: You possess an exceptional clarity of mind. [potion of mutation]
  3622 | D:5      | Lost mutation: Your mind is acute. (Int +2) [potion of mutation]
  3622 | D:5      | Gained mutation: Your muscles are strong. (Str +2) [potion of mutation]
  3622 | D:5      | Gained mutation: You passively map a small area around you. [potion of mutation]
  3640 | D:5      | Noticed Blork the orc
  3678 | D:5      | Killed Blork the orc
  3708 | D:5      | Noticed Prince Ribbit
  3771 | D:5      | Found a runed door.
  3781 | D:5      | Noticed Crazy Yiuf
  3790 | D:5      | Killed Crazy Yiuf
  3810 | D:5      | Slain by Prince Ribbit

Vault maps used:
D:1:      dpeg_arrival_yet_another_circle, minivault_11
D:2:      nicolae_overflow_crystal_walls
D:3:      grunt_temple_overflow_growth_and_decay, lemuel_coloured_pillars_altar,
          lemuel_crystal_altar
D:4:      first_bread
D:5:      uniq_blork_the_orc, uniq_prince_ribbit1, uniq_duvessa,
          uniq_crazy_yiuf_cottage
D:6:      lemuel_round_altar
D:7:      lemuel_round_altar, temple_statues

Skill      XL: |  1  2  3  4  5  6 |
---------------+-------------------+-----
Armour         | 2 |  2.8
Dodging        | 1 2 |  2.8
Polearms       | 2 3 4 |  4.3
Stealth        | 1 |  1.2
Fighting       | 4 |  4.3
Throwing       | |  0.1
Invocations    | |  2.7

Action                   |  1- 3 |  4- 6 || total
-------------------------+-------+-------++-------
Melee: Spear             |   123 |   156 ||   279
       Quarterstaff      |       |    10 ||    10
Throw: Tomahawk          |       |     6 ||     6
Invok: Depart the Abyss  |     1 |       ||     1
       Bend Space        |       |     1 ||     1
 Abil: Evoke Berserk Rag |       |     1 ||     1
  Use: Potion            |       |     5 ||     5
       Scroll            |       |     3 ||     3
 Stab: Sleeping          |     1 |       ||     1
  Eat: Bread ration      |     1 |     2 ||     3
Armor: Leather armour    |    44 |    25 ||    69
       Scale mail        |       |     5 ||     5
Dodge: Dodged            |    68 |    87 ||   155
